 Dungeon Crawl Stone Soup version 0.19.1 (console) character file.

121 Kloppie the Poker (level 5, 0/43 HPs)
             Began as a Merfolk Berserker on Nov 26, 2016.
             Was a Believer of Trog.
             Succumbed to an orc wizard's poison
             ... on level 3 of the Dungeon.
             The game lasted 00:02:49 (2245 turns).

Kloppie the Poker (Merfolk Berserker)               Turns: 2245, Time: 00:02:50

Health: 0/43       AC:  3    Str: 17    XL:     5   Next: 5%
Magic:  5/5        EV: 12    Int:  7    God:    Trog [**....]
Gold:   195        SH:  0    Dex: 14    Spells: 0 memorised, 4 levels left

rFire  . . .     SeeInvis .     a - +0 spear
rCold  . . .     Gourm    .     n - +0 leather armour
rNeg   . . .     Faith    .     (no shield)
rPois  .         Spirit   .     (no helmet)
rElec  .         Reflect  .     (no cloak)
rCorr  .         Harm     .     (no gloves)
MR     ++...                    (no boots)
Stlth  +.........               (no amulet)
                                (no ring)
                                (no ring)

@: lethally poisoned (0 -> -9), exhausted, flying, regenerating, slowed, very
slow
A: change form in water, swift swim, stealthy swim
a: Berserk, Trog's Hand, Burn Spellbooks, Renounce Religion


You were on level 3 of the Dungeon.
You worshipped Trog.
Trog was pleased with you.
You were near starving.

You visited 1 branch of the dungeon, and saw 3 of its levels.

You collected 195 gold pieces.

Inventory:

Hand Weapons
 a - a +0 spear (weapon)
Armour
 n - a +0 leather armour (worn)
Jewellery
 j - an uncursed amulet of the gourmand {unknown}
 q - an uncursed amulet of magic regeneration {unknown}
 s - an uncursed ring of protection from magic {unknown}
Scrolls
 d - 3 scrolls of remove curse {unknown}
 e - 3 scrolls of fear {unknown}
 g - 3 scrolls of teleportation {unknown}
 i - a scroll of identify {unknown}
 l - a scroll of fog {unknown}
 m - a scroll of enchant armour {unknown}
 p - a scroll of amnesia {unknown}
Potions
 o - a potion of brilliance {unknown}
Comestibles
 b - 4 fruits
 c - 3 bread rations
 f - 7 chunks of flesh
 k - a meat ration
 r - a royal jelly


   Skills:
 + Level 4.3 Fighting
 * Level 7.1 Polearms
 - Level 1.3 Armour
 - Level 2.6 Dodging


You had 4 spell levels left.
You didn't know any spells.

Dungeon Overview and Level Annotations

Branches:
Dungeon (3/15)

Altars:
Kikubaaqudgha
Uskayaw


Message History

* * * LOW HITPOINT WARNING * * *
You feel sick. Something hits you but does no damage.
You are no longer berserk.
You are exhausted.
You feel yourself slow down.
* * * LOW HITPOINT WARNING * * *
You feel sick.
Your skin crawls.
You feel resistant to hostile enchantments.
You are near starving!
You feel very sick. Something hits you.
* * * LOW HITPOINT WARNING * * *
You are lethally poisoned!
Something hits you.
* * * LOW HITPOINT WARNING * * *
It was a potion of flight.
You feel very buoyant.
You fly up into the air.
You die...

....................(......'...'.
......##.....#######.......##'##.
..#...#####'## #......[##.#..
......# #.# #.............
..#...#####.#### ######........
...............##### #....)..(
..#..>........>..).##########.#..
..#.).#.########.)..........#.#..
.##...#.###### #@...........#....
.##...#.#....# ###..........#.###
......#.#<...### #...............
........'....'.# #............###
......#)#....#+###............# #
.#....#.#.....................# #
.####.#.#.##......#..#######..# #
.......(...+......##.# #..# #
#####.#.#.##......##.#######..###


There were no monsters in sight!

Vanquished Creatures
  An orc priest (D:3)
  An adder (D:2)
  A worm (D:2)
  A dart slug (D:2)
  4 leopard geckos
  3 orcs (D:3)
  5 bats
  5 giant cockroaches
  10 goblins
  10 hobgoblins
  5 jackals (D:1)
  8 kobolds
  2 quokkas (D:3)
  4 frilled lizards
  7 rats
67 creatures vanquished.

Notes
Turn   | Place    | Note
-------+----------+-------------------------------------------
     0 | D:1      | Kloppie the Merfolk Berserker began the quest for the Orb.
     0 | D:1      | Reached XP level 1. HP: 18/18 MP: 1/1
   181 | D:1      | Reached XP level 2. HP: 22/24 MP: 2/2
   186 | D:1      | Reached skill level 5 in Polearms
   635 | D:1      | Reached XP level 3. HP: 29/30 MP: 3/3
   744 | D:2      | Reached ** piety under Trog
   752 | D:2      | Found an ancient bone altar of Kikubaaqudgha.
   813 | D:2      | Found a hide-covered altar of Uskayaw.
   865 | D:2      | Reached skill level 6 in Polearms
   993 | D:2      | Reached XP level 4. HP: 37/37 MP: 4/4
  2235 | D:3      | Reached *** piety under Trog
  2236 | D:3      | Reached skill level 7 in Polearms
  2236 | D:3      | Reached XP level 5. HP: 30/43 MP: 5/5
  2244 | D:3      | HP: 2/43 [something (1)]
  2245 | D:3      | Succumbed to an orc wizard's poison

Skill      XL: |  1  2  3  4 |
---------------+-------------+-----
Polearms       | 5 6 7 |  7.1
Fighting       | 4 |  4.3
Armour         | |  1.3
Dodging        | |  2.6

Action                   |  1- 3 |  4- 6 || total
-------------------------+-------+-------++-------
Melee: Spear             |   146 |   128 ||   274
Invok: Berserk           |       |     1 ||     1
       Trog's Hand       |       |     1 ||     1
  Use: Potion            |       |     1 ||     1
 Stab: Sleeping          |     4 |     2 ||     6
       Distracted        |     1 |       ||     1
  Eat: Chunk             |       |     4 ||     4
Armor: Animal skin       |    11 |     3 ||    14
       Leather armour    |       |    10 ||    10
Dodge: Dodged            |    60 |    51 ||   111
